[Event "XI Closed IM BCC 2021"]
[Site "Barcelona"]
[Date "2021.03.17"]
[Round "3.1"]
[White "Louis, Thibault"]
[Black "Gonzalez, Raul Omar"]
[Result "1/2-1/2"]
[ECO "C00"]
[WhiteElo "2244"]
[BlackElo "2178"]
[Annotator "NA"]
[PlyCount "96"]
[EventDate "2021.03.15"]
[EventType "tourn"]
[EventCountry "ESP"]
[SourceTitle "playchess.com"]
[Source "ChessBase"]
[SourceQuality "1"]
[TimeControl "5400+30"]

1. e4 a6 2. d4 e6 3. Nf3 d5 4. exd5 exd5 5. Bd3 Nc6 6. O-O Nf6 7. c3 Be7 8. Re1 Bg4 9. Nbd2 O-O 10. Nf1 Bd6 11. Bg5 h6 12. Bh4 g5 13. Bg3 Ne7 14. h3 Bh5 15. Bxd6 Qxd6 16. Ng3 Bg6 17. Ne5 Rae8 18. Re3 h5 19. Qf3 h4 20. Nf5 Nxf5 21. Bxf5 Kg7 22. Rae1 Bh5 23. Bg4 Bg6 24. Nxg6 fxg6 25. Re6 Qd8 26. Rxe8 Rxe8 27. Rxe8 Qxe8 28. Qe2 Kf7 29. Qxe8+ Nxe8 30. Kf1 Nd6 31. Ke2 Kf6 32. Kd3 a5 33. b3 Ne4 34. Bf3 Nxf2+ 35. Ke3 Nh1 36. g4 Ng3 37. Bxd5 b6 38. c4 Ke7 39. Kf3 c5 40. dxc5 bxc5 41. Ke3 Kf6 42. Bb7 Ke5 43. Bg2 Kd6 44. Ba8 Nf1+ 45. Ke2 Ng3+ 46. Ke3 Ke5 47. Bg2 Kd6 48. Ba8 Ke5 1/2-1/2

[Event "XI Closed IM BCC 2021"]
[Site "Barcelona"]
[Date "2021.03.18"]
[Round "4.1"]
[White "Gonzalez, Raul Omar"]
[Black "Martin Barcelo, Carles"]
[Result "1-0"]
[ECO "A10"]
[WhiteElo "2178"]
[BlackElo "2258"]
[Annotator "RC"]
[PlyCount "89"]
[EventDate "2021.03.15"]
[EventType "tourn"]
[EventCountry "ESP"]
[SourceTitle "playchess.com"]
[Source "ChessBase"]
[SourceQuality "1"]
[TimeControl "5400+30"]

1. c4 g6 2. Nc3 Bg7 3. Nf3 Nf6 4. g3 O-O 5. Bg2 d6 6. O-O Nc6 7. d3 e5 8. Rb1 a5 9. a3 Re8 10. e4 Bg4 11. h3 Bxf3 12. Bxf3 Nd4 13. Bg2 Nd7 14. Be3 c6 15. Kh2 Nc5 16. Ne2 b5 17. cxb5 cxb5 18. f4 Nxe2 19. Qxe2 exf4 20. gxf4 Rc8 21. f5 d5 22. fxg6 hxg6 23. Rbc1 Be5+ 24. Kh1 d4 25. Bd2 Nb3 26. Rxc8 Qxc8 27. Bg5 Kg7 28. Qd1 Qe6 29. Qf3 f6 30. Bf4 Bxf4 31. Qxf4 Qe5 32. Qg4 Qd6 33. Rf5 Re5 34. Rf1 Rg5 35. e5 Rxg4 36. exd6 Rh4 37. Re1 Nc5 38. d7 Rh8 39. Re7+ Kh6 40. Re8 Nxd7 41. Rxh8+ Kg5 42. Rd8 Nc5 43. Rd5+ Kf4 44. Rxc5 Ke3 45. Rxb5 1-0

[Event "XI Closed IM BCC 2021"]
[Site "Barcelona"]
[Date "2021.03.19"]
[Round "5.1"]
[White "Valenzuela Gomez, Fernando"]
[Black "Gonzalez, Raul Omar"]
[Result "1-0"]
[ECO "C41"]
[WhiteElo "2393"]
[BlackElo "2178"]
[Annotator "NA"]
[PlyCount "68"]
[EventDate "2021.03.15"]
[EventType "tourn"]
[EventCountry "ESP"]
[SourceTitle "playchess.com"]
[Source "ChessBase"]
[SourceQuality "1"]
[TimeControl "5400+30"]

1. e4 e5 2. Nf3 d6 3. d4 f5 4. Bc4 exd4 5. exf5 d5 6. Bd3 c5 7. O-O Nf6 8. c4 dxc3 9. Nxc3 Be7 10. Ne5 O-O 11. Nxd5 Nxd5 12. Bc4 Rxf5 13. Bxd5+ Kf8 14. f4 Nc6 15. Be3 Nb4 16. Be4 Qxd1 17. Raxd1 Rh5 18. a3 Nc6 19. Rd5 Nxe5 20. Rxe5 Bg4 21. h3 Be2 22. Rf2 Bd1 23. Rd2 Rxe5 24. fxe5 Ba4 25. Bxh7 Kf7 26. Be4 Ke6 27. Bf4 Rf8 28. Bd5+ Kf5 29. Rf2 b6 30. g4+ Kg6 31. b3 Be8 32. Be4+ Kf7 33. Bg5+ Ke6 34. Bf5+ Kd5 1-0

[Event "XI Closed IM BCC 2021"]
[Site "Barcelona"]
[Date "2021.03.19"]
[Round "5.2"]
[White "Jimenez Ruano, Adrian"]
[Black "Louis, Thibault"]
[Result "0-1"]
[ECO "E34"]
[WhiteElo "2326"]
[BlackElo "2244"]
[Annotator "NA"]
[PlyCount "82"]
[EventDate "2021.03.15"]
[EventType "tourn"]
[EventCountry "ESP"]
[SourceTitle "playchess.com"]
[Source "ChessBase"]
[SourceQuality "1"]
[TimeControl "5400+30"]

1. d4 Nf6 2. c4 e6 3. Nc3 Bb4 4. Qc2 d5 5. cxd5 Qxd5 6. e3 c5 7. Bd2 Bxc3 8. bxc3 cxd4 9. exd4 O-O 10. Nf3 Nc6 11. Rb1 Qe4+ 12. Qxe4 Nxe4 13. Bb5 Na5 14. Bd3 Nd6 15. Bf4 Rd8 16. Ke2 b6 17. Rhc1 Bb7 18. c4 Nf5 19. d5 Ba6 20. g4 Nd6 21. dxe6 fxe6 22. Ne5 Nf7 23. c5 Rxd3 24. Nxd3 e5 25. Ke3 exf4+ 26. Nxf4 Nc4+ 27. Kd4 Nfe5 28. Ne6 Re8 29. f4 Nf3+ 30. Kd5 Nfd2 31. Rb4 Bb7+ 32. c6 Bc8 33. c7 Bb7+ 34. Kd4 Rxe6 35. Kd3 Rc6 36. Re1 Rxc7 37. Rb5 Be4+ 38. Ke2 a6 39. Rh5 Bf3+ 40. Kf2 Bxg4 41. Rg5 Nf3 0-1

[Event "XI Closed IM BCC 2021"]
[Site "Barcelona"]
[Date "2021.03.19"]
[Round "5.3"]
[White "Fantinel, Thibault"]
[Black "Ayats Llobera, Gerard"]
[Result "1/2-1/2"]
[ECO "B40"]
[WhiteElo "2375"]
[BlackElo "2402"]
[Annotator "NA"]
[PlyCount "38"]
[EventDate "2021.03.15"]
[EventType "tourn"]
[EventCountry "ESP"]
[SourceTitle "playchess.com"]
[Source "ChessBase"]
[SourceQuality "1"]
[TimeControl "5400+30"]

1. e4 c5 2. Nf3 e6 3. g3 Nc6 4. Bg2 Nf6 5. Nc3 Qc7 6. O-O a6 7. Re1 d6 8. d4 cxd4 9. Nxd4 Bd7 10. Nxc6 Bxc6 11. Nd5 Bxd5 12. exd5 e5 13. c4 Be7 14. Qa4+ Nd7 15. Bh3 Rd8 16. Be3 O-O 17. Bxd7 Rxd7 18. Bb6 Qc8 19. Rac1 Bd8 1/2-1/2

[Event "XI Closed IM BCC 2021"]
[Site "Barcelona"]
[Date "2021.03.19"]
[Round "5.4"]
[White "Hernandez, Cristian Andres"]
[Black "Boukhris-Ferre, Yacine"]
[Result "1/2-1/2"]
[ECO "A48"]
[WhiteElo "2355"]
[BlackElo "2155"]
[Annotator "NA"]
[PlyCount "34"]
[EventDate "2021.03.15"]
[EventType "tourn"]
[EventCountry "ESP"]
[SourceTitle "playchess.com"]
[Source "ChessBase"]
[SourceQuality "1"]
[TimeControl "5400+30"]

1. d4 Nf6 2. Nf3 g6 3. Nbd2 d5 4. b4 Bg7 5. e3 O-O 6. c4 a5 7. b5 c5 8. bxc6 bxc6 9. Ba3 Na6 10. cxd5 cxd5 11. Bd3 Nb4 12. Bxb4 axb4 13. O-O Ba6 14. Ne5 Qd6 15. Bxa6 Rxa6 16. Qb3 Rb8 17. Rfc1 Raa8 1/2-1/2

[Event "XI Closed IM BCC 2021"]
[Site "Barcelona"]
[Date "2021.03.19"]
[Round "5.5"]
[White "Martin Barcelo, Carles"]
[Black "Martin Gonzalez, Angel"]
[Result "1-0"]
[ECO "B51"]
[WhiteElo "2258"]
[BlackElo "2272"]
[Annotator "NA"]
[PlyCount "91"]
[EventDate "2021.03.15"]
[EventType "tourn"]
[EventCountry "ESP"]
[SourceTitle "playchess.com"]
[Source "ChessBase"]
[SourceQuality "1"]
[TimeControl "5400+30"]

1. e4 c5 2. Nf3 d6 3. Bb5+ Nd7 4. O-O a6 5. Bd3 Ngf6 6. Re1 g6 7. c3 Bg7 8. a4 b6 9. Bc2 Bb7 10. d4 O-O 11. h3 Qc7 12. d5 Rfe8 13. c4 b5 14. axb5 axb5 15. Rxa8 Rxa8 16. cxb5 Qa5 17. Na3 Qb4 18. Re3 Ne8 19. Rb3 Qa4 20. b6 c4 21. Rc3 Qa6 22. Rxc4 Qxb6 23. Qe1 Ba6 24. Rb4 Qc7 25. Ba4 Nc5 26. Bc2 Nf6 27. Nd4 Bd3 28. Ndb5 Qd7 29. Qe3 Bxc2 30. Nxc2 Ncxe4 31. Bd2 Nc5 32. Nc3 h5 33. Nd4 Kh7 34. Nf3 Kg8 35. Nd4 Na6 36. Rb6 Nc7 37. Qf3 Nfxd5 38. Nxd5 Bxd4 39. Rb7 Rc8 40. Ba5 e6 41. Nxc7 d5 42. Nxd5 Rc1+ 43. Kh2 Be5+ 44. g3 Qe8 45. Nf6+ Bxf6 46. Qxf6 1-0

[Event "XI Closed IM BCC 2021"]
[Site "Barcelona"]
[Date "2021.03.20"]
[Round "6.1"]
[White "Raul Omar Gonzalez"]
[Black "Angel Martin Gonzalez"]
[Result "0-1"]
[ECO "A60"]
[WhiteElo "2178"]
[BlackElo "2272"]
[Annotator "NA"]
[PlyCount "56"]
[EventDate "2021.03.15"]
[EventType "tourn"]
[EventCountry "ESP"]
[SourceTitle "playchess.com"]
[Source "ChessBase"]
[SourceQuality "1"]
[TimeControl "5400+30"]

1. d4 Nf6 2. c4 c5 3. d5 e6 4. Nc3 exd5 5. cxd5 d6 6. Nf3 a6 7. a4 g6 8. Nd2 Nbd7 9. e4 Bg7 10. Be2 O-O 11. O-O Re8 12. Qc2 Rb8 13. Re1 Ne5 14. a5 g5 15. Nf1 h6 16. Ng3 b5 17. axb6 Qxb6 18. Ra3 c4 19. Nd1 Nfd7 20. Nf5 Bf8 21. Rg3 Nc5 22. Bh5 Bxf5 23. exf5 Nf3+ 24. gxf3 Rxe1+ 25. Kg2 Qb3 26. Qd2 Qxd1 27. Rxg5+ hxg5 28. Qxg5+ Bg7 0-1

[Event "XI Closed IM BCC 2021"]
[Site "Barcelona"]
[Date "2021.03.20"]
[Round "6.3"]
[White "Gerard Ayats Llobera"]
[Black "Cristian Andres Hernandez"]
[Result "1-0"]
[ECO "B94"]
[WhiteElo "2402"]
[BlackElo "2355"]
[Annotator "NA"]
[PlyCount "47"]
[EventDate "2021.03.15"]
[EventType "tourn"]
[EventCountry "ESP"]
[SourceTitle "playchess.com"]
[Source "ChessBase"]
[SourceQuality "1"]
[TimeControl "5400+30"]

1. e4 c5 2. Nf3 d6 3. d4 cxd4 4. Nxd4 Nf6 5. Nc3 a6 6. Bg5 Nbd7 7. Bc4 Qb6 8. Bb3 e6 9. Qd2 Be7 10. O-O-O Nc5 11. Rhe1 h6 12. Bh4 O-O 13. g3 Qc7 14. f4 Re8 15. e5 dxe5 16. fxe5 Nh7 17. Bxe7 Rxe7 18. Nf5 Rd7 19. Nd6 b5 20. Nce4 Nf8 21. Nf6+ gxf6 22. Qxh6 Nh7 23. Ne8 Rxd1+ 24. Rxd1 1-0

[Event "XI Closed IM BCC 2021"]
[Site "Barcelona"]
[Date "2021.03.21"]
[Round "7.1"]
[White "Jimenez Ruano, Adrian"]
[Black "Gonzalez, Raul Omar"]
[Result "1-0"]
[ECO "E00"]
[WhiteElo "2326"]
[BlackElo "2178"]
[Annotator "ChessBase"]
[PlyCount "85"]
[EventDate "2021.03.15"]
[EventType "tourn"]
[EventCountry "ESP"]
[SourceTitle "playchess.com"]
[Source "ChessBase"]
[SourceQuality "1"]
[TimeControl "5400+30"]

1. d4 e6 2. c4 Bb4+ 3. Nc3 f5 4. Qc2 Nf6 5. Nf3 O-O 6. g3 d6 7. Bg2 Nbd7 8. O-O Bxc3 9. Qxc3 Ne4 10. Qc2 Ndf6 11. Ne1 h6 12. Nd3 Qe8 13. b3 Bd7 14. Bb2 Bc6 15. f3 Ng5 16. Qc3 Rf7 17. b4 a6 18. Rae1 Re7 19. h4 Ngh7 20. e4 Qg6 21. exf5 Qxg3 22. d5 Bd7 23. fxe6 Be8 24. Qd4 Bg6 25. Qf4 Nh5 26. Qxg3 Nxg3 27. Nf4 Be8 28. Rf2 Nf5 29. h5 Ng3 30. Ng6 Bxg6 31. hxg6 Nf8 32. f4 Nxg6 33. f5 Ne5 34. Rxe5 dxe5 35. Bxe5 Nh5 36. c5 Nf6 37. d6 cxd6 38. cxd6 Ree8 39. Bxf6 gxf6 40. e7 Reb8 41. Bd5+ Kg7 42. Rg2+ Kh7 43. d7 1-0

[Event "XI Closed IM BCC 2021"]
[Site "Barcelona"]
[Date "2021.03.21"]
[Round "7.2"]
[White "Fantinel, Thibault"]
[Black "Valenzuela Gomez, Fernando"]
[Result "1/2-1/2"]
[ECO "B51"]
[WhiteElo "2375"]
[BlackElo "2393"]
[Annotator "ChessBase"]
[PlyCount "53"]
[EventDate "2021.03.15"]
[EventType "tourn"]
[EventCountry "ESP"]
[SourceTitle "playchess.com"]
[Source "ChessBase"]
[SourceQuality "1"]
[TimeControl "5400+30"]

1. e4 c5 2. Nf3 d6 3. Bb5+ Nd7 4. a4 Ngf6 5. Nc3 g6 6. a5 Bg7 7. O-O a6 8. Bc4 O-O 9. Re1 b5 10. axb6 Nxb6 11. Ba2 Bb7 12. d3 Ne8 13. Be3 e5 14. Nd2 Kh8 15. f4 exf4 16. Bxf4 f5 17. exf5 Rxf5 18. Bg3 d5 19. Nf3 Rf8 20. Be5 Nf6 21. d4 c4 22. Qd2 Qd7 23. Bxf6 Bxf6 24. Ne5 Qg7 25. Re2 Rae8 26. Rae1 Nd7 27. Nf3 1/2-1/2

[Event "XI Closed IM BCC 2021"]
[Site "Barcelona"]
[Date "2021.03.21"]
[Round "7.3"]
[White "Hernandez, Cristian Andres"]
[Black "Louis, Thibault"]
[Result "1/2-1/2"]
[ECO "A46"]
[WhiteElo "2355"]
[BlackElo "2244"]
[Annotator "ChessBase"]
[PlyCount "66"]
[EventDate "2021.03.15"]
[EventType "tourn"]
[EventCountry "ESP"]
[SourceTitle "playchess.com"]
[Source "ChessBase"]
[SourceQuality "1"]
[TimeControl "5400+30"]

1. d4 Nf6 2. Nf3 e6 3. Bf4 b6 4. Nbd2 Bb7 5. e3 Be7 6. h3 O-O 7. Bd3 c5 8. a4 cxd4 9. exd4 Nc6 10. c3 d6 11. Nc4 e5 12. dxe5 dxe5 13. Ncxe5 Nd5 14. Bh2 Nxe5 15. Nxe5 Bd6 16. O-O Bxe5 17. Bxe5 Qg5 18. Bg3 Nf4 19. Bc4 Bxg2 20. Re1 Bb7 21. Qg4 Qxg4 22. hxg4 Nh3+ 23. Kf1 Bf3 24. a5 Bxg4 25. Re7 Ng5 26. Bf4 Be6 27. Be2 h6 28. Bxg5 hxg5 29. Bf3 Rad8 30. Rxa7 bxa5 31. R1xa5 Rd2 32. b4 Rd3 33. Be2 Rxc3 1/2-1/2

[Event "XI Closed IM BCC 2021"]
[Site "Barcelona"]
[Date "2021.03.21"]
[Round "7.5"]
[White "Martin Gonzalez, Angel"]
[Black "Boukhris-Ferre, Yacine"]
[Result "1-0"]
[ECO "C03"]
[WhiteElo "2272"]
[BlackElo "2155"]
[Annotator "ChessBase"]
[PlyCount "55"]
[EventDate "2021.03.15"]
[EventType "tourn"]
[EventCountry "ESP"]
[SourceTitle "playchess.com"]
[Source "ChessBase"]
[SourceQuality "1"]
[TimeControl "5400+30"]

1. e4 e6 2. d4 d5 3. Nd2 Be7 4. Ngf3 Nf6 5. Bd3 c5 6. c3 cxd4 7. cxd4 dxe4 8. Nxe4 Nc6 9. O-O O-O 10. Nc3 b6 11. a3 Bb7 12. Re1 Rc8 13. Bc2 Qd6 14. Qd3 g6 15. Bg5 Rfd8 16. Rad1 Nd5 17. Ne4 Qc7 18. Bb3 Bxg5 19. Nexg5 Na5 20. Ne5 Nf4 21. Qg3 Nxb3 22. Qxf4 Rxd4 23. Rxd4 Nxd4 24. Qxd4 f6 25. Ng4 fxg5 26. Nh6+ Kf8 27. Qf6+ Ke8 28. Qxe6+ 1-0

[Event "XI Closed IM BCC 2021"]
[Site "Barcelona"]
[Date "2021.03.22"]
[Round "8.1"]
[White "Gonzalez, Raul Omar"]
[Black "Boukhris-Ferre, Yacine"]
[Result "0-1"]
[ECO "A16"]
[WhiteElo "2178"]
[BlackElo "2155"]
[Annotator "RC"]
[PlyCount "76"]
[EventDate "2021.03.15"]
[EventType "tourn"]
[EventCountry "ESP"]
[SourceTitle "playchess.com"]
[Source "ChessBase"]
[SourceQuality "1"]
[TimeControl "5400+30"]

1. c4 Nf6 2. Nc3 g6 3. g3 Bg7 4. Bg2 O-O 5. f4 c5 6. Nf3 Nc6 7. e4 d6 8. O-O Bg4 9. h3 Bxf3 10. Bxf3 Nd4 11. d3 Rb8 12. Be3 Ne8 13. g4 b5 14. cxb5 Nxb5 15. Bd2 Nec7 16. Rc1 Nd4 17. b3 Na6 18. Be1 e6 19. Bg2 Nb4 20. Rf2 Nb5 21. Nxb5 Rxb5 22. Kh1 Bd4 23. Re2 a5 24. Bg3 Rb6 25. Qd2 a4 26. bxa4 Nc6 27. e5 Qc7 28. exd6 Qxd6 29. Kh2 Rb2 30. Rc2 Rfb8 31. f5 Rxc2 32. Qxc2 Bg1+ 33. Kh1 Qxg3 34. Bxc6 Bd4 35. Bg2 Rb2 36. Qd1 Be5 37. Kg1 Qh2+ 38. Kf1 Bd4 0-1

[Event "XI Closed IM BCC 2021"]
[Site "Barcelona"]
[Date "2021.03.23"]
[Round "9.1"]
[White "Fantinel, Thibault"]
[Black "Gonzalez, Raul Omar"]
[Result "1-0"]
[ECO "C46"]
[WhiteElo "2375"]
[BlackElo "2178"]
[Annotator "ChessBase"]
[PlyCount "113"]
[EventDate "2021.03.15"]
[EventType "tourn"]
[EventCountry "ESP"]
[SourceTitle "playchess.com"]
[Source "ChessBase"]
[SourceQuality "1"]
[TimeControl "5400+30"]

1. e4 e5 2. Nf3 Nc6 3. Nc3 Bc5 4. Nxe5 Nxe5 5. d4 Bd6 6. dxe5 Bxe5 7. Qf3 Nf6 8. Bf4 Qe7 9. Bxe5 Qxe5 10. Qg3 Qxg3 11. hxg3 d6 12. Nb5 Kd8 13. f3 Bd7 14. g4 Bxb5 15. Bxb5 g5 16. O-O-O Ke7 17. Rhe1 Nd7 18. Bxd7 Kxd7 19. Rh1 Rae8 20. Rh5 f6 21. Rh6 Ke6 22. Rdh1 Re7 23. Kd2 Ke5 24. Ke3 d5 25. exd5 Kxd5+ 26. Kd3 Rd8 27. b3 Rdd7 28. Kc3 Rf7 29. Re1 c5 30. a4 b6 31. Re8 Kc6 32. Rh1 Rfe7 33. Re1 Rxe1 34. Rxe1 a6 35. Re8 b5 36. Rc8+ Kd5 37. Kd3 Rd6 38. c4+ bxc4+ 39. bxc4+ Ke5+ 40. Ke3 Re6 41. Rxc5+ Kd6+ 42. Kd4 Re2 43. Ra5 Rd2+ 44. Kc3 Rxg2 45. Rxa6+ Ke5 46. Ra5+ Ke6 47. Rd5 Rg3 48. Rd3 f5 49. gxf5+ Kxf5 50. a5 h5 51. a6 Rg1 52. Kb4 Rb1+ 53. Rb3 Re1 54. a7 Re8 55. Kc5 h4 56. Rb8 Re5+ 57. Kb4 1-0

[Event "XI Closed IM BCC 2021"]
[Site "Barcelona"]
[Date "2021.03.23"]
[Round "9.4"]
[White "Martin Gonzalez, Angel"]
[Black "Louis, Thibault"]
[Result "1/2-1/2"]
[ECO "B13"]
[WhiteElo "2272"]
[BlackElo "2244"]
[Annotator "ChessBase"]
[PlyCount "42"]
[EventDate "2021.03.15"]
[EventType "tourn"]
[EventCountry "ESP"]
[SourceTitle "playchess.com"]
[Source "ChessBase"]
[SourceQuality "1"]
[TimeControl "5400+30"]

1. e4 c6 2. d4 d5 3. exd5 cxd5 4. c4 Nf6 5. Nc3 Nc6 6. Nf3 g6 7. cxd5 Nxd5 8. Qb3 e6 9. Nxd5 Qxd5 10. Qxd5 Bb4+ 11. Bd2 exd5 12. Bb5 Bd6 13. Bh6 Bg4 14. Ne5 Bxe5 15. dxe5 a6 16. Ba4 b5 17. Bb3 Nxe5 18. Bxd5 O-O-O 19. Be4 Nd3+ 20. Bxd3 Rxd3 21. O-O Be6 1/2-1/2